 Dungeon Crawl Stone Soup version 0.18.1-50-g88ac8fd (webtiles) character file.

83 6a6kaBkacke the Poker (level 4, 0/41 HPs)
             Began as a Minotaur Berserker on Sept 28, 2016.
             Was a Believer of Trog.
             Killed from afar by an orc wizard (8 damage)
             ... with a puff of flame
             ... on level 3 of the Dungeon.
             The game lasted 00:04:58 (1081 turns).

6a6kaBkacke the Poker (Minotaur Berserker)          Turns: 1081, Time: 00:04:58

Health: 0/41       AC:  3    Str: 23    XL:     4   Next: 22%
Magic:  3/3        EV: 12    Int:  4    God:    Trog [**....]
Gold:   98         SH:  0    Dex:  9    Spells: 0 memorised, 3 levels left

rFire  . . .     SeeInvis .     a - +0 spear
rCold  . . .     Gourm    .     b - +0 leather armour (curse)
rNeg   . . .     Faith    .     (no shield)
rPois  .         Spirit   .     (helmet restricted)
rElec  .         Dismiss  .     (no cloak)
rCorr  .         Reflect  .     (no gloves)
SustAt .         Harm     .     (no boots)
MR     .....                    (no amulet)
Stlth  +.........               (no ring)
                                (no ring)

@: not resistant to hostile enchantments, very unstealthy
A: retaliatory headbutt, horns 2
a: Berserk, Trog's Hand, Burn Spellbooks, Renounce Religion


You were on level 3 of the Dungeon.
You worshipped Trog.
Trog was pleased with you.
You were hungry.

You visited 1 branch of the dungeon, and saw 3 of its levels.

You collected 98 gold pieces.

Inventory:

Hand Weapons
 a - a +0 spear (weapon)
Armour
 b - a cursed +0 leather armour (worn)
 k - a cursed +0 chain mail
Scrolls
 d - 3 scrolls of identify
 g - 2 scrolls of fear {unknown}
 i - a scroll of immolation {unknown}
Potions
 e - a potion of agility
 h - a potion of lignification {unknown}
Comestibles
 c - 2 bread rations
 j - a beef jerky


   Skills:
 + Level 4.3 Fighting
 * Level 5.3 Polearms
 + Level 2.7 Armour
 + Level 2.5 Dodging


You had 3 spell levels left.
You didn't know any spells.

Dungeon Overview and Level Annotations

Branches:
Dungeon (3/15)

Altars:
Vehumet


Innate Abilities, Weirdness & Mutations

You reflexively headbutt those who attack you in melee.
You have a pair of horns on your head.


Message History

You hit something. Your headbutt misses something.
Something hits you but does no damage.
You hit something.
You hear some strange, mumbled words.
You are confused.
Something hits you. Something hits you.
You're too confused to move!
Something hits you.
* * * LOW HITPOINT WARNING * * *
You bump into the rock wall.
Something hits you.
* * * LOW HITPOINT WARNING * * *
You feel less confused. Something hits you.
* * * LOW HITPOINT WARNING * * *
Drink which item? (? for menu, Esc to quit)
It was a potion of cure mutation.
It has a very clean taste.
You hear some strange, mumbled words.
A puff of flame appears from out of thin air!
The puff of flame hits you!
You die...

########
##......##
##........#
#..........
#..........
#........!.#
#..........#
#..........###
##@?......#...
####..........#
####............#
................#
####.#.......)...#
....^............#
..####<.....)...#
##.......)#....
##......#..#..


There were no monsters in sight!

Vanquished Creatures
  An orc wizard (D:3)
  An ooze (D:1)
  3 worms (D:2)
  A dart slug (D:2)
  A giant gecko (D:1)
  2 orcs (D:3)
  2 bats (D:2)
  3 giant cockroaches
  6 goblins
  2 hobgoblins (D:2)
  A quokka (D:3)
  3 giant newts (D:2)
  6 kobolds
  5 rats
37 creatures vanquished.

Notes
Turn   | Place    | Note
--------------------------------------------------------------
     0 | D:1      | 6a6kaBkacke the Minotaur Berserker began the quest for the Orb.
     0 | D:1      | Reached XP level 1. HP: 19/19 MP: 0/0
   113 | D:1      | Reached skill level 4 in Polearms
   113 | D:1      | Reached XP level 2. HP: 19/27 MP: 1/1
   659 | D:2      | Reached XP level 3. HP: 33/33 MP: 2/2
   676 | D:2      | Reached ** piety under Trog
   987 | D:2      | Found a radiant altar of Vehumet.
  1037 | D:3      | Reached skill level 5 in Polearms
  1037 | D:3      | Reached XP level 4. HP: 36/41 MP: 3/3
  1081 | D:3      | Killed from afar by an orc wizard

Skill      XL: |  1  2  3 |
---------------+----------+-----
Polearms       | 4 5 |  5.3
Fighting       | 4 |  4.3
Armour         | |  2.7
Dodging        | |  2.5

Action                   |  1- 3 |  4- 6 || total
-------------------------+-------+-------++-------
Melee: Spear             |    81 |    22 ||   103
       Headbutt          |    15 |     1 ||    16
  Use: Scroll            |     4 |       ||     4
       Potion            |       |     1 ||     1
Armor: Animal skin       |     2 |       ||     2
       Leather armour    |     9 |     5 ||    14
Dodge: Dodged            |    26 |     9 ||    35
